 Dungeon Crawl Stone Soup version 0.26-a0-771-g060e6a62af (webtiles) character file.

Game seed: 5554382055905486472

67 reriks the Covered (level 4, -3/42 HPs)
             Began as a Deep Dwarf Fighter on Nov 8, 2020.
             Slain by an ogre
             ... wielding a +0 giant club
              (19 damage)
             ... on level 4 of the Dungeon.
             The game lasted 00:01:51 (1447 turns).

reriks the Covered (Deep Dwarf Fighter)             Turns: 1447, Time: 00:01:52

Health: -3/42      AC:  7    Str: 20    XL:     4   Next: 0%
Magic:  4/4        EV:  8    Int:  9    God:
Gold:   140        SH:  9    Dex: 12    Spells: 3/3 levels left

rFire    . . .     SeeInvis .   a - +0 war axe
rCold    . . .     Faith    .   c - +0 kite shield
rNeg     . . .     Spirit   .   b - +0 scale mail
rPois    .         Reflect  .   (no helmet)
rElec    .         Harm     .   (no cloak)
rCorr    .         Rampage  .   (no gloves)
MR       .....                  (no boots)
Stlth    ..........             (no amulet)
HPRegen  0.00/turn              (no ring)
MPRegen  0.09/turn              (no ring)

@: mighty, non-regenerating
A: damage resistance, heal wounds, sense surroundings 1, no regeneration
a: Heal Wounds


You were on level 4 of the Dungeon.
You visited 1 branch of the dungeon, and saw 4 of its levels.

You collected 140 gold pieces.

Inventory:

Hand Weapons
 a - a +0 war axe (weapon)
Armour
 b - a +0 scale mail (worn)
 c - a +0 kite shield (worn)
Scrolls
 e - a scroll of teleportation {unknown}
 h - 2 scrolls of remove curse {unknown}
 i - a scroll of enchant weapon {unknown}
 j - a scroll of immolation {unknown}
 k - 2 scrolls of enchant armour {unknown}
 m - a scroll of magic mapping {unknown}
 n - a scroll of amnesia {unknown}
Potions
 d - a potion of might
 f - a potion of mutation
 g - a potion of magic
 l - a potion of attraction
 o - a potion of cancellation
 p - a potion of berserk rage {unknown}
 q - a potion of resistance {unknown}
 r - a potion of heal wounds {unknown}


   Skills:
 + Level 3.1 Fighting
 + Level 2.8 Axes
 + Level 3.7 Armour
 + Level 1.6 Dodging
 + Level 3.7 Shields


You had 3 spell levels left.
You didn't know any spells.
Your spell library was empty.

Dungeon Overview and Level Annotations

Branches:
Dungeon (3/15)

Altars:


Innate Abilities, Weirdness & Mutations

You are resistant to damage.
You can heal yourself by infusing magical energy.
You passively map a small area around you.
You do not regenerate.


Message History

Your shield prevents you from hitting the iguana.
The iguana closely misses you. The ogre barely misses you.
A worker ant comes into view.
You slash the ogre!
The ogre is moderately wounded.
You barely miss the iguana. You block the iguana's attack.
An orc comes into view. It is wielding a +0 flail.
The ogre hits you with a +0 giant club!
You barely miss the ogre.
The ogre is moderately wounded.
You hit the iguana but do no damage. The iguana bites you.
You block the quokka's attack. The ogre closely misses you.
The iguana bites you.
Your shield prevents you from hitting the ogre.
The ogre is moderately wounded.
You barely miss the iguana. You hit the quokka.
The quokka bites you but does no damage.
The iguana bites you but does no damage.
The ogre hits you with a +0 giant club!!
You die...

, , ,......., *
, , , #...... *
....... # *
.<.....##,.# ,
, #.......##.#
, .....[.B...#
, , ,
#.......l..# *
, ...|..r@O.# *
* ,
..$...S...)# ,
...............
, ,
.##............
, ,
##....##.#... ,
, , #..... ..
.. , , #.....
.#*. , ....#.
.# , , ,


You could see an ogre, an iguana, a worker ant, an adder and a quokka.

Vanquished Creatures
  An adder (D:2)
  2 dart slugs (D:2)
  2 leopard geckos
  2 orcs (D:3)
  2 giant cockroaches (D:2)
  3 goblins (D:1)
  5 hobgoblins
  2 jackals (D:1)
  12 kobolds
  A quokka (D:3)
  5 bats
  7 frilled lizards
  7 rats
51 creatures vanquished.

Notes
Turn   | Place    | Note
-------+----------+-------------------------------------------
     0 | D:1      | reriks the Deep Dwarf Fighter began the quest for the Orb.
     0 | D:1      | Reached XP level 1. HP: 20/20 MP: 1/1
    98 | D:1      | Reached XP level 2. HP: 22/27 MP: 2/2
   430 | D:1      | Reached skill level 1 in Dodging
   771 | D:2      | Reached XP level 3. HP: 25/34 MP: 3/3
  1380 | D:3      | Reached XP level 4. HP: 33/42 MP: 4/4
  1442 | D:3      | You fall into a shaft and drop 1 floor!
  1442 | D:4      | Noticed an ogre
  1447 | D:4      | Slain by an ogre

Illustrated notes

Levels and vault maps discovered:
D:1:      wheals_arrival_shading, layout_basic, serial_park_tiny_2,
          kennysheep_flooded_box
D:2:      layout_basic, chequers_serial_rivers_small_3
D:3:      layout_basic, chequers_serial_rivers_micro_c, kennysheep_pointless_box
D:4:      minmay_recursive_quarters, layout_cave_pools

Skill      XL: |  1  2 |
---------------+-------+-----
Dodging        | 1 |  1.6
Fighting       | 3 |  3.1
Axes           | |  2.8
Armour         | |  3.7
Shields        | |  3.7

Action                   |  1- 3 |  4- 6 || total
-------------------------+-------+-------++-------
Melee: War axe           |   167 |     4 ||   171
 Abil: Heal Wounds       |     1 |       ||     1
  Use: Scroll            |     4 |       ||     4
       Potion            |       |     1 ||     1
Armor: Scale mail        |    85 |     2 ||    87
Dodge: Dodged            |    57 |     3 ||    60
Block: Kite shield       |    91 |     3 ||    94

Table legend: (Time is in decaauts)
 A = Elapsed time spent in this place.
 B = Non-inter-level travel time spent in this place.
 C = Inter-level travel time spent in this place.
 D = Time resting spent in this place.
 E = Time spent auto-exploring this place.
 F = Levels seen in this place.
 G = Mean time per level.
                   A        B        C        D        E       F      G
               +--------+--------+--------+--------+--------+-----+--------+
         Total |   1526 |   1478 |     48 |      0 |   1073 |   4 |  381.5 |
       Dungeon |   1526 |   1478 |     48 |      0 |   1073 |   4 |  381.5 |
               +--------+--------+--------+--------+--------+-----+--------+

Top non-repeatable levels by time:
     D:2: 715 daAuts
     D:1: 714 daAuts
     D:3: 91 daAuts
     D:4: 6 daAuts
